 Dungeon Crawl Stone Soup version 0.19-a0-1899-g2d93087 (webtiles) character file.

45 KarmaPolice the Vandal (level 3, -2/24 HPs)
             Began as a Halfling Hunter on Oct 19, 2016.
             Killed from afar by Sigmund (6 damage)
             ... with a puff of flame
             ... on level 2 of the Dungeon.
             The game lasted 00:03:19 (1174 turns).

KarmaPolice the Vandal (Halfling Hunter)            Turns: 1174, Time: 00:03:20

Health: -2/24      AC:  6    Str: 18    XL:     3   Next: 90%
Magic:  3/3        EV: 14    Int:  9    God:
Gold:   45         SH:  0    Dex: 15    Spells: 0 memorised, 2 levels left

rFire  . . .     SeeInvis .     a - +1 hunting sling
rCold  . . .     Gourm    .     h - +3 leather armour
rNeg   . . .     Faith    .     (shield restricted)
rPois  .         Spirit   .     (no helmet)
rElec  .         Reflect  .     (no cloak)
rCorr  .         Harm     .     (no gloves)
MR     .....                    (no boots)
Stlth  ++........               (no amulet)
                                (no ring)
                                (no ring)

@: mighty
A: mutation resistance 1
a: no special abilities


You were on level 2 of the Dungeon.
You were not hungry.

You visited 1 branch of the dungeon, and saw 2 of its levels.

You collected 45 gold pieces.

Inventory:

Hand Weapons
 a - a +1 hunting sling (weapon)
 b - a +0 short sword
Missiles
 d - 3 sling bullets (quivered)
 j - 32 stones
Armour
 h - a +3 leather armour (worn)
 m - a cursed +0 leather armour
Scrolls
 g - 3 scrolls of identify {unknown}
Potions
 e - 3 potions of cure mutation
 i - a potion of mutation {unknown}
 l - a potion of might
Comestibles
 c - 4 chunks of flesh
 f - 2 bread rations
 k - a meat ration


   Skills:
 + Level 2.2 Fighting
 + Level 1.3 Short Blades
 + Level 6.4 Slings
 - Level 2.1 Dodging
 + Level 2.3 Stealth


You had 2 spell levels left.
You didn't know any spells.

Dungeon Overview and Level Annotations

Branches:
Dungeon (2/15)

Altars:

Annotations:
D:2 Robin, Sigmund


Innate Abilities, Weirdness & Mutations

You are small and have problems with some larger weapons.
You are somewhat resistant to further mutation.


Message History

Firing (i - inventory. (,) - cycle):
d - 6 sling bullets (quivered)
Press: ? - help, Shift-Dir - straight line, f/p - Sigmund
Aim: Sigmund, wielding a scythe and wearing a robe (severely wounded)
You shoot a sling bullet.
The sling bullet hits Sigmund but does no damage.
Sigmund is severely wounded.
Sigmund misses you.
Firing (i - inventory. (,) - cycle):
d - 5 sling bullets (quivered)
Press: ? - help, Shift-Dir - straight line, f/p - Sigmund
Aim: Sigmund, wielding a scythe and wearing a robe (severely wounded)
You shoot a sling bullet.
The sling bullet closely misses Sigmund.
Firing (i - inventory. (,) - cycle):
d - 4 sling bullets (quivered)
Press: ? - help, Shift-Dir - straight line, f/p - Sigmund
Aim: Sigmund, wielding a scythe and wearing a robe (severely wounded)
You shoot a sling bullet. The sling bullet hits Sigmund.
Sigmund is almost dead.
Sigmund casts a spell at you. The puff of flame hits you!
You die...

#. ### #.#######
(.# #.......# #.#
.#.......# #.#
....(....#
#.###.###........+
#....(.@..>......#
#####@####.....<.#
###.# #.......#
#.#.# #.......####
#######.#.#
#.#........#
........#.# #
#........#
########.#.####
#........#
#..........#..#
#........#
#.######.###..#
###........
#.....<.....#
#########


You could see Sigmund.

Vanquished Creatures
  An adder (D:2)
  A dart slug (D:1)
  2 leopard geckos (D:1)
  A bat (D:1)
  2 giant cockroaches (D:1)
  10 goblins
  3 hobgoblins (D:1)
  2 ball pythons (D:1)
  A frilled lizard (D:1)
  2 kobolds
  3 rats (D:1)
28 creatures vanquished.

Notes
Turn   | Place    | Note
-------+----------+-------------------------------------------
     0 | D:1      | KarmaPolice the Halfling Hunter began the quest for the Orb.
     0 | D:1      | Reached XP level 1. HP: 14/14 MP: 1/1
   310 | D:1      | Reached XP level 2. HP: 19/19 MP: 2/2
   373 | D:1      | Reached skill level 6 in Slings
   684 | D:1      | Reached skill level 1 in Short Blades
   684 | D:1      | Reached XP level 3. HP: 24/24 MP: 3/3
   840 | D:2      | Noticed Sigmund
   910 | D:2      | Noticed Robin
  1174 | D:2      | Killed from afar by Sigmund

Vault maps used:
D:1:      minmay_arrival_semitransparent
D:2:      first_bread, uniq_jessica, uniq_robin, uniq_sigmund

Skill      XL: |  1  2 |
---------------+-------+-----
Slings         | 6 |  6.4
Fighting       | 2 |  2.2
Stealth        | 2 |  2.3
Short Blades   | 1 |  1.3
Dodging        | |  2.1

Action                   || total
-------------------------++-------
Melee: Short sword       ||   100
 Fire: Hunting sling     ||    17
  Use: Potion            ||     2
 Stab: Sleeping          ||     3
  Eat: Chunk             ||     1
Armor: Leather armour    ||    37
Dodge: Dodged            ||    86
